 Dungeon Crawl Stone Soup version 0.24.0-123-gd5b16e6ec5 (webtiles) character file.

Game seed: 684893754194279532, levelgen mode: deterministic

17292 Johnny the Grappler (level 12, -6/183 HPs)
             Began as a Troll Berserker on Jan 12, 2020.
             Was a High Priest of Trog.
             Mangled by Jorgrun
             ... wielding an uncursed staff of earth
              (17 damage)
             ... on level 12 of the Dungeon.
             The game lasted 00:13:00 (10198 turns).

Johnny the Grappler (Troll Berserker)              Turns: 10198, Time: 00:13:01

Health: -6/183     AC:  8    Str: 37    XL:     12   Next: 17%
Magic:  20/20      EV: 13    Int:  3    God:    Trog [*****.]
Gold:   1146       SH:  0    Dex:  9    Spells: 11/11 levels left

rFire    . . .     SeeInvis .     - Unarmed
rCold    . . .     Gourm    +   (no shield)
rNeg     . . .     Faith    .   E - +2 robe {MR+}
rPois    .         Spirit   .   (helmet restricted)
rElec    .         Reflect  .   r - scarf {repulsion}
rCorr    .         Harm     .   (gloves unavailable)
MR       +....                  (boots unavailable)
Stlth    ..........             (no amulet)
HPRegen  0.80/turn              n - ring of stealth
MPRegen  0.17/turn              F - ring of magical power

@: berserking, repel missiles, very quick
A: large, unfitting armour, claws 3, fast metabolism 3, gourmand, regeneration
1, shaggy fur 1, tough skin 3
a: Berserk, Trog's Hand, Brothers in Arms, Renounce Religion


You were on level 12 of the Dungeon.
You worshipped Trog.
Trog was extremely pleased with you.
You were very full.

You visited 1 branch of the dungeon, and saw 12 of its levels.
You also visited: Ossuary and Bailey.

You collected 1146 gold pieces.

Inventory:

Missiles
 t - a throwing net (quivered)
Armour
 r - a scarf of repulsion (worn)
 E - a +2 robe of magic resistance (worn)
Jewellery
 a - an uncursed ring of magical power
 n - a ring of stealth (left claw)
 x - an uncursed ring of wizardry
 F - a ring of magical power (right claw)
Wands
 J - a wand of digging (5)
 K - a wand of paralysis (3)
Scrolls
 e - a scroll of random uselessness
 h - 5 scrolls of teleportation
 i - a scroll of enchant armour
 j - 11 scrolls of remove curse
 k - 4 scrolls of amnesia
 l - 3 scrolls of immolation
 q - 3 scrolls of enchant weapon
 y - 2 scrolls of fear
 A - a scroll of torment
 B - 5 scrolls of fog
 D - a scroll of vulnerability {unknown}
Potions
 f - 5 potions of flight
 g - 2 potions of mutation {unknown}
 m - 5 potions of curing
 o - 5 potions of brilliance
 p - 4 potions of degeneration
 s - 4 potions of haste {unknown}
 u - 4 potions of agility {unknown}
 v - 2 potions of magic {unknown}
 w - 2 potions of might {unknown}
 z - 3 potions of lignification {unknown}
 C - 5 potions of resistance {unknown}
 I - a potion of ambrosia {unknown}
Miscellaneous
 c - a sack of spiders
Comestibles
 b - 25 rations


   Skills:
 + Level 8.9 Fighting
 + Level 9.0 Dodging
 * Level 14.0 Unarmed Combat


You had 11 spell levels left.
You didn't know any spells.
Your spell library contained the following spells:

 Spells                   Type           Power        Failure   Level  Hunger
 Flame Tongue             Conj/Fire      #....        52%         1    ##.....
 Summon Small Mammal      Summ           #...         52%         1    ##.....
 Call Imp                 Summ           #.......     67%         2    ###....
 Throw Flame              Conj/Fire      #.....       67%         2    ###....
 Call Canine Familiar     Summ           #.......     88%         3    ####...
 Conjure Flame            Conj/Fire      #.......     88%         3    ####...
 Inner Flame              Hex/Fire       #.......     88%         3    ####...
 Recall                   Summ/Tloc      N/A          88%         3    ####...
 Summon Guardian Golem    Hex/Summ       #.......     88%         3    ####...
 Animate Dead             Necr           N/A          99%         4    #####..
 Sticky Flame             Conj/Fire      #.......     99%         4    #####..
 Summon Ice Beast         Ice/Summ       #.......     99%         4    #####..
 Summon Lightning Spire   Summ/Air       #.......     99%         4    #####..
 Borgnjor's Vile Clutch   Necr/Erth      #.........   100%        5    ######.
 Fireball                 Conj/Fire      #.........   100%        5    ######.
 Death Channel            Necr           #.........   100%        6    #######
 Simulacrum               Ice/Necr       #.........   100%        6    #######


Dungeon Overview and Level Annotations

Branches:
Dungeon (12/15)            Temple (0/1) D:7            Lair (0/6) D:10
    Orc (0/2) D:9         Ossuary (visited)          Bailey (visited)

Altars:
Elyvilon
Fedhas
Xom

Shops:
D:8 [   D:9 (   D:12 [(

Annotations:
D:12 Jorgrun


Innate Abilities, Weirdness & Mutations

You are too large for most types of armour.
You have claws for hands.
Your metabolism is lightning-fast.
You like to eat raw meat.
Your natural rate of healing is unusually fast.
You are covered in fur. (AC +1)
You have extremely tough skin. (AC +3)


Message History

You are too injured to fight recklessly!
You are too injured to fight recklessly!
You are too injured to fight recklessly!
You are too injured to fight recklessly!
You are too injured to fight recklessly!
You are too injured to fight recklessly!
You are too injured to fight recklessly!
You are too injured to fight recklessly!
You are too injured to fight recklessly!
Unknown command.
A red film seems to cover your vision as you go berserk!
You feel yourself moving faster!
You feel mighty!
You feel a lot less full. Jorgrun gestures at you while chanting.
The iron shot hits you!!!
* * * LOW HITPOINT WARNING * * *
You feel a strong urge to attack something.
Jorgrun hits you with an uncursed staff of earth!
* * * LOW HITPOINT WARNING * * *
Jorgrun crushes you!
You die...

..#.....'.....#..######
..#>....#.....#.......#
..#.....#...(.#.......#
..#####.#.....#(.##...#
###..##.##....#..######
'........#....#...#
#........#....#.(.#
#........+....#...##
########## #.@..# .
#.g### .> ....# ...
#....# .... #....#
#....# ####.# .∩.


You could see Jorgrun.

Vanquished Creatures
  Snorg (D:11)
  2 two-headed ogres
  4 death yaks (D:10)
  Urug (D:11)
  An orc knight (Bailey)
  Pikel (D:4)
  The ghost of puimuR the Cleaver, a novice HOMo (D:5)
  3 cyclopes
  Psyche (D:8)
  2 centaur skeletons
  A troll (D:10)
  2 hippogriffs (D:10)
  A wyvern (D:9)
  13 yaks
  A hungry ghost (D:7)
  Menkaure (D:5)
  A naga (Bailey)
  2 water moccasins
  Duvessa (D:4)
  3 sky beasts
  4 orc warriors
  An ice beast (D:5)
  2 slaves (D:4)
  A black bear (D:10)
  3 ogres
  2 phantoms
  3 centaurs
  3 big kobolds
  6 bullfrogs
  A gnoll sergeant (D:8)
  Dowan (D:4)
  3 water moccasin zombies (Ossuary)
  9 scorpions
  14 killer bees
  14 wights
  4 howler monkeys
  4 crimson imps
  4 bullfrog zombies
  2 jellies (D:8)
  6 hounds
  An orc priest (D:7)
  2 bullfrog skeletons
  13 orc wizards
  3 iguanas
  6 worker ants
  4 big kobold zombies (Ossuary)
  2 hound skeletons
  2 mummies (Ossuary)
  A worker ant zombie (D:5)
  A howler monkey zombie (D:9)
  Robin (D:4)
  4 gnolls
  11 adders
  3 shadow imps
  2 oozes
  8 adder zombies (Ossuary)
  2 adder skeletons
  A worm (D:2)
  4 leopard geckos
  46 orcs
  A ball python (D:2)
  4 giant cockroaches
  12 hobgoblins
  15 jackals
  28 kobolds
  2 quokkas
  10 bats
  9 frilled lizards
  15 goblins
  4 hobgoblin zombies (Ossuary)
  A jackal zombie (D:4)
  9 kobold zombies (Ossuary)
  2 leopard gecko zombies
  4 orc zombies (Ossuary)
  2 quokka zombies
  4 rats
  A plant (D:1)
370 creatures vanquished.

Notes
Turn   | Place    | Note
-------+----------+-------------------------------------------
     0 | D:1      | Johnny the Troll Berserker began the quest for the Orb.
     0 | D:1      | Reached XP level 1. HP: 22/22 MP: 0/0
   103 | D:1      | Reached XP level 2. HP: 29/29 MP: 1/1
   674 | D:2      | Reached ** piety under Trog
   674 | D:2      | Reached XP level 3. HP: 36/36 MP: 2/2
   777 | D:2      | Reached skill level 4 in Unarmed Combat
   786 | D:2      | Reached XP level 4. HP: 44/44 MP: 3/3
  1213 | D:3      | You fall into a shaft and drop 1 floor!
  1703 | D:4      | Reached XP level 5. HP: 53/53 MP: 4/4
  1708 | D:4      | Reached *** piety under Trog
  1743 | D:4      | Noticed Pikel
  1743 | D:4      | Noticed a slave
  1743 | D:4      | Noticed a slave
  1743 | D:4      | Noticed a slave
  1743 | D:4      | Noticed a slave
  1748 | D:4      | Killed a slave
  1750 | D:4      | Killed a slave
  1755 | D:4      | Killed Pikel
  1755 | D:4      | Reached skill level 6 in Unarmed Combat
  1755 | D:4      | Reached XP level 6. HP: 62/62 MP: 5/5
  1755 | D:4      | Reached XP level 7. HP: 70/70 MP: 6/6
  1820 | D:4      | Noticed Dowan
  1821 | D:4      | Noticed Duvessa
  1839 | D:4      | Killed Duvessa
  1844 | D:4      | Killed Dowan
  1921 | D:4      | Reached skill level 7 in Unarmed Combat
  2228 | D:4      | Noticed Robin
  2248 | D:4      | Killed Robin
  2250 | D:4      | Reached XP level 8. HP: 79/79 MP: 7/7
  2449 | D:5      | Entered Level 5 of the Dungeon
  2563 | D:5      | Reached **** piety under Trog
  2622 | D:5      | Found a blossoming altar of Fedhas.
  2965 | D:5      | Found a runed translucent gate.
  2965 | D:5      | Found a runed translucent gate.
  2965 | D:5      | Found a runed translucent gate.
  2965 | D:5      | Noticed Menkaure
  2967 | D:5      | Noticed puimuR's ghost (novice HOMo)
  2969 | D:5      | Killed Menkaure
  2969 | D:5      | Reached skill level 5 in Fighting
  2969 | D:5      | Reached skill level 5 in Dodging
  2969 | D:5      | Reached skill level 8 in Unarmed Combat
  2985 | D:5      | Killed puimuR's ghost
  2985 | D:5      | Reached skill level 9 in Unarmed Combat
  2985 | D:5      | Reached XP level 9. HP: 88/88 MP: 8/8
  3531 | D:6      | Found a sand-covered staircase.
  3553 | Ossuary  | Entered an ossuary
  3683 | Ossuary  | Reached ***** piety under Trog
  4432 | D:7      | Found a staircase to the Ecumenical Temple.
  4513 | D:7      | Reached skill level 10 in Unarmed Combat
  4951 | D:8      | Found a shimmering altar of Xom.
  5103 | D:8      | Noticed Psyche
  5109 | D:8      | Killed Psyche
  5109 | D:8      | Reached XP level 10. HP: 100/100 MP: 9/9
  5458 | D:8      | Found Dazum's Antique Armour Shoppe.
  5668 | D:8      | HP: 5/100 [poisoned by a killer bee]
  5673 | D:8      | HP: 4/100 [poisoned by a killer bee]
  5678 | D:8      | HP: 5/100 [poisoned by a killer bee]
  5985 | D:8      | Reached skill level 11 in Unarmed Combat
  6460 | D:9      | Found a white marble altar of Elyvilon.
  6593 | D:9      | Found Zash's Weapon Shoppe.
  6599 | D:9      | Found a staircase to the Orcish Mines.
  7018 | D:10     | Entered Level 10 of the Dungeon
  7054 | D:10     | Found a staircase to the Lair.
  7054 | D:10     | Noticed a death yak
  7055 | D:10     | Noticed a death yak
  7055 | D:10     | Noticed a death yak
  7055 | D:10     | Noticed a death yak
  7168 | D:10     | Received a gift from Trog
  7276 | D:10     | Noticed a cyclops
  7294 | D:10     | Killed a cyclops
  7294 | D:10     | Reached skill level 12 in Unarmed Combat
  7356 | D:10     | Noticed a cyclops
  7376 | D:10     | Killed a cyclops
  7565 | D:10     | Reached XP level 11. HP: 109/109 MP: 10/10
  7810 | D:10     | Noticed a two-headed ogre
  7818 | D:10     | Killed a two-headed ogre
  7971 | D:10     | HP: 1/110 [death yak (11)]
  8012 | D:10     | Killed a death yak
  8122 | D:10     | Killed a death yak
  8164 | D:10     | Killed a death yak
  8173 | D:10     | Killed a death yak
  8255 | D:10     | Reached skill level 13 in Unarmed Combat
  8776 | D:11     | Found a white marble altar of Elyvilon.
  8874 | D:11     | Found a flagged portal.
  8875 | D:11     | Noticed Snorg
  8934 | Bailey   | Entered a bailey
  9032 | Bailey   | Noticed an orc knight
  9038 | Bailey   | Killed an orc knight
  9274 | D:11     | Received a gift from Trog
  9555 | D:11     | Noticed a two-headed ogre
  9563 | D:11     | Killed a two-headed ogre
  9605 | D:11     | Killed Snorg
  9605 | D:11     | Reached XP level 12. HP: 122/122 MP: 11/11
  9696 | D:11     | Noticed Urug
  9705 | D:11     | Killed Urug
 10055 | D:12     | Found Beriu's Antique Armour Shop.
 10114 | D:12     | Reached skill level 14 in Unarmed Combat
 10189 | D:12     | Noticed Jorgrun
 10198 | D:12     | Found Veemurch's Antique Weapon Shop.
 10198 | D:12     | Mangled by Jorgrun

Levels and vault maps discovered:
D:1:      nzn_arrival_water_spiral, layout_loops_ring, serial_forest,
          infiniplex_forest_clump_small, infiniplex_forest_clump_medium,
          infiniplex_forest_lined_1, infiniplex_forest_clump_medium,
          infiniplex_forest_3_way, infiniplex_forest_zigzag_1,
          infiniplex_forest_straight_2, minmay_domino_2
D:2:      layout_rooms
D:3:      layout_loops_ring, first_ration
D:4:      layout_gridville, minmay_diced_spiral, uniq_robin, uniq_pikel,
          uniq_duvessa
D:5:      minmay_general_purpose_star, layout_gridville, basic_altar,
          gammafunk_ghost_split, uniq_menkaure
D:6:      layout_loops_ring, nicolae_ossuary_entry_monument
D:7:      layout_rooms, minmay_temple_entry_glass
D:8:      minmay_s_stair_smasher, layout_layer_cave, overflow_temple_1_default,
          serial_shops, kennysheep_mini_moat, uniq_psyche
D:9:      layout_basic, orc_david_3, basic_altar, blue_anna_alchemist
          [blue_anna_fruit_fields, blue_anna_fruit_fields]
D:10:     layout_grid_maze, dpeg_lair_monsters, minmay_diamond_spiral
D:11:     minmay_klotski, layout_long_grid, enter_bailey_6, basic_altar,
          eino_small_chamber_without_monster, grunt_ministairs_10,
          eino_curves_03, uniq_urug, uniq_snorg
D:12:     layout_gridville, serial_shops, nicolae_shop_behind_doors,
          shop_statue, shop, nicolae_shop_behind_doors, nicolae_shop_crystal,
          uniq_jorgrun

Skill      XL: |  1  2  3  4  5  6  7  8  9 10 11 12 |
---------------+-------------------------------------+-----
Unarmed Combat | 4 6 7 9 10 12 13 14 | 14.0
Dodging        | 3 4 5 6 7 8 9 |  9.0
Fighting       | 3 4 5 6 7 8 |  8.9

Action                   |  1- 3 |  4- 6 |  7- 9 | 10-12 || total
-------------------------+-------+-------+-------+-------++-------
Melee: Unarmed           |   104 |    76 |   356 |   473 ||  1009
       Punch             |     2 |     2 |    10 |    29 ||    43
Invok: Berserk           |       |     2 |     8 |    13 ||    23
       Trog's Hand       |       |       |       |     2 ||     2
Evoke: Wand              |       |       |     3 |    23 ||    26
  Use: Scroll            |       |       |     7 |    10 ||    17
       Potion            |       |       |       |     5 ||     5
 Stab: Sleeping          |       |     1 |     6 |     4 ||    11
       Distracted        |       |       |       |     1 ||     1
  Eat: Chunk             |    12 |    11 |    31 |    59 ||   113
       Ration            |       |       |     2 |     2 ||     4
Armor: Animal skin       |    33 |    25 |    92 |     2 ||   152
       Robe              |       |       |       |   130 ||   130
Dodge: Dodged            |    54 |    37 |   195 |   307 ||   593
       Deflected         |       |       |     1 |    32 ||    33
